 Dungeon Crawl Stone Soup version 0.24-a0-520-g8fd06ad0bc (webtiles) character file.

Game seed: 5921644854180355581

94 Goblin1989 the Twirler (level 4, -4/29 HPs)
             Began as a Halfling Gladiator on July 24, 2019.
             Slain by a gnoll
             ... wielding a +0 spear
              (9 damage)
             ... on level 2 of the Dungeon.
             The game lasted 00:02:55 (1994 turns).

Goblin1989 the Twirler (Halfling Gladiator)         Turns: 1994, Time: 00:02:56

Health: -4/29      AC:  4    Str: 16    XL:     4   Next: 94%
Magic:  4/4        EV: 15    Int:  6    God:
Gold:   59         SH:  0    Dex: 15    Spells: 3/3 levels left

rFire    . . .     SeeInvis .   a - +0 quarterstaff
rCold    . . .     Gourm    .   (shield currently unavailable)
rNeg     . . .     Faith    .   b - +0 leather armour
rPois    .         Spirit   .   c - +0 helmet
rElec    .         Reflect  .   (no cloak)
rCorr    .         Harm     .   (no gloves)
MR       .....                  (no boots)
Stlth    +.........             (no amulet)
HPRegen  0.09/turn              (no ring)
MPRegen  0.09/turn              (no ring)

@: no status effects
A: small, mutation resistance 1
a: no special abilities


You were on level 2 of the Dungeon.
You were hungry.

You visited 1 branch of the dungeon, and saw 2 of its levels.

You collected 59 gold pieces.

Inventory:

Hand Weapons
 a - a +0 quarterstaff (weapon)
Missiles
 Z - 3 throwing nets (quivered) {!d , @Q1}
Armour
 b - a +0 leather armour (worn)
 c - a +0 helmet (worn)
Jewellery
 T - an uncursed ring of see invisible {unknown}
 X - an uncursed ring of fire {unknown}
Scrolls
 O - a scroll of identify {unknown}
 S - a scroll of fog {unknown}
 U - 2 scrolls of immolation {unknown}
 W - a scroll of remove curse {unknown}
 Y - 2 scrolls of teleportation {unknown}
Potions
 Q - 2 potions of curing {unknown}
 R - a potion of heal wounds {unknown}
 V - a potion of might {unknown}
Comestibles
 e - 3 rations


   Skills:
 - Level 1.7 Fighting
 + Level 4.3 Staves
 - Level 2.0 Throwing
 - Level 3.2 Dodging


You had 3 spell levels left.
You didn't know any spells.
Your spell library was empty.

Dungeon Overview and Level Annotations

Branches:
Dungeon (2/15)

Altars:


Innate Abilities, Weirdness & Mutations

You are small and have problems with some larger weapons.
You are somewhat resistant to further mutation.


Message History

The gnoll is severely wounded.
The gnoll hits you with a +0 club.
* * * LOW HITPOINT WARNING * * *
You take 3 damage, and have 13/29 hp.
You hit the gnoll but do no damage.
The gnoll is severely wounded.
The gnoll barely misses you.
You thump the gnoll!
You kill the gnoll!
You hit the gnoll.
The gnoll is lightly wounded.
The gnoll hits you with a +0 whip.
* * * LOW HITPOINT WARNING * * *
You take 4 damage, and have 10/29 hp.
You sock the gnoll!
You kill the gnoll!
Items here: ))) † a +0 whip; a +0 club x2; a gnoll corpse
Items here: ))) † a +0 whip; a +0 club x2; a gnoll corpse You see here a rat corpse.
All of the chunks of flesh in your inventory have rotted away.
Key pressed, stopping explore.
Items here: ))) ÷ a +0 whip; a +0 club x2; a gnoll skeleton You see here a rat skeleton.
Key pressed, stopping explore.
A gnoll comes into view. It is wielding a +0 spear.
Health restored: 29 Unknown command.
The gnoll shouts!
You hear a shout!
The gnoll hits you but does no damage. x2
You hit the gnoll.
The gnoll is moderately wounded.
The gnoll barely misses you. x2
You hit the gnoll.
The gnoll is severely wounded.
The gnoll hits you but does no damage. The gnoll misses you.
You barely miss the gnoll.
The gnoll is severely wounded.
The gnoll hits you from afar with a +0 spear!
You take 8 damage, and have 21/29 hp.
MASSIVE DAMAGE!!
You closely miss the gnoll.
The gnoll is severely wounded.
The gnoll closely misses you. The gnoll barely misses you.
You closely miss the gnoll.
The gnoll is severely wounded.
The gnoll closely misses you. The gnoll hits you with a +0 whip.
The gnoll hits you from afar with a +0 spear.
You take 6 damage, and have 16/29 hp.
MASSIVE DAMAGE!!
You are too injured to fight recklessly!
You are too injured to fight recklessly!
You are too injured to fight recklessly!
You are too injured to fight recklessly!
You are too injured to fight recklessly!
You are too injured to fight recklessly!
You are too injured to fight recklessly!
You are too injured to fight recklessly!
You are too injured to fight recklessly!
You are too injured to fight recklessly!
You are too injured to fight recklessly!
You are too injured to fight recklessly!
You are too injured to fight recklessly!
You are too injured to fight recklessly!
You are too injured to fight recklessly!
You are too injured to fight recklessly!
You are too injured to fight recklessly!
You are too injured to fight recklessly!
You are too injured to fight recklessly!
You are too injured to fight recklessly!
You are too injured to fight recklessly!
Unknown command.
The gnoll completely misses you.
You are feeling hungry.
You hit the gnoll.
The gnoll is almost dead.
The gnoll completely misses you.
You thump the gnoll!
You kill the gnoll!
The gnoll misses you. The gnoll barely misses you.
Things that are here:
a +0 whip; a gnoll corpse You hit the gnoll.
The gnoll is moderately wounded.
The gnoll hits you with a +0 spear!
* * * LOW HITPOINT WARNING * * *
You take 9 damage, and have 8/29 hp.
MASSIVE DAMAGE!!
You hit the gnoll.
The gnoll is severely wounded.
The gnoll hits you but does no damage.
You barely miss the gnoll.
The gnoll is severely wounded.
The gnoll hits you with a +0 spear.
* * * LOW HITPOINT WARNING * * *
You take 3 damage, and have 5/29 hp.
You closely miss the gnoll.
The gnoll is severely wounded.
The gnoll hits you with a +0 spear!
You die...

███████.██ █.
█.......███ █.
█.██......█ ██
█.██.█..█.█
█.█.....█.█
█.█..█.██.█
█.█..█.██.████
█.g...........
████@█.....███
█....█████.█ █.████
█.█ █ █÷█
███g█████.█.██ █)█
█.............
████.████
█.......█.██..
█.......███.......█
█
█.████...██.......█
█.███..█..█.......█


You could see a gnoll.

Vanquished Creatures
  3 gnolls (D:2)
  An adder (D:2)
  2 worms (D:2)
  A dart slug (D:1)
  A ball python (D:1)
  5 bats
  2 giant cockroaches (D:1)
  4 goblins
  7 hobgoblins
  6 jackals
  2 kobolds (D:1)
  2 quokkas (D:2)
  4 frilled lizards (D:1)
  6 rats
46 creatures vanquished.

Notes
Turn   | Place    | Note
-------+----------+-------------------------------------------
     0 | D:1      | Goblin1989 the Halfling Gladiator began the quest for the
                  | Orb.
     0 | D:1      | Reached XP level 1. HP: 14/14 MP: 1/1
   139 | D:1      | Reached XP level 2. HP: 19/19 MP: 2/2
   231 | D:1      | Reached skill level 3 in Staves
   541 | D:1      | Reached XP level 3. HP: 24/24 MP: 3/3
  1182 | D:2      | Reached XP level 4. HP: 24/29 MP: 4/4
  1466 | D:2      | Found a faded altar of an unknown god.
  1605 | D:2      | Reached skill level 4 in Staves
  1994 | D:2      | Slain by a gnoll

Levels and vault maps discovered:
D:1:      roderic_chinese_lattice_arrival, layout_loops_corners, serial_glass,
          glass_columns_b, glass_columns_a, glass_columns_a, glass_columns_a
D:2:      layout_loops_cross, chequers_ecumenical_altar_grove

Skill      XL: |  1  2  3  4 |
---------------+-------------+-----
Staves         | 3 4 |  4.3
Fighting       | |  1.7
Throwing       | |  2.0
Dodging        | |  3.2

Action                   |  1- 3 |  4- 6 || total
-------------------------+-------+-------++-------
Melee: Quarterstaff      |    95 |    40 ||   135
 Stab: Sleeping          |     1 |     2 ||     3
  Eat: Chunk             |     1 |     2 ||     3
Armor: Leather armour    |    38 |     6 ||    44
Dodge: Dodged            |    81 |    24 ||   105

Table legend:
 A = Non-vault XP
 B = Vault XP
 C = Vault XP percentage of total XP
 D = Non-vault monster count
 E = Vault monster count
 F = Vault count percentage of total count
                 A         B        C        D         E       F
            +---------+---------+-------+---------+---------+-------
      Total |     135 |       0 |   0.0 |      46 |       0 |   0.0
            +---------+---------+-------+---------+---------+-------
        D:1 |      43 |       0 |   0.0 |      25 |       0 |   0.0
        D:2 |      92 |       0 |   0.0 |      21 |       0 |   0.0
            +---------+---------+-------+---------+---------+-------

Levels and vault maps discovered:
D:1:      roderic_chinese_lattice_arrival, layout_loops_corners, serial_glass,
          glass_columns_b, glass_columns_a, glass_columns_a, glass_columns_a
D:2:      layout_loops_cross, chequers_ecumenical_altar_grove
